 Dungeon Crawl Stone Soup version 0.23-a0-386-g9c9d49f (webtiles) character file.

569 rabbit the Magician (level 7, -6/51 HPs)
             Began as a Gnoll Wizard on Oct 28, 2018.
             Was a Follower of Okawaru.
             Mangled by Sigmund
             ... wielding a +0 scythe
              (8 damage)
             ... on level 5 of the Dungeon.
             The game lasted 00:18:11 (5091 turns).

rabbit the Magician (Gnoll Wizard)                  Turns: 5091, Time: 00:18:12

Health: -6/51      AC:  7    Str:  9    XL:     7   Next: 33%
Magic:  16/18      EV: 15    Int: 22    God:    Okawaru [*.....]
Gold:   270        SH:  0    Dex: 14    Spells: 7/21 levels left

rFire    . . .     SeeInvis .   v - +3 whip (elec)
rCold    . . .     Gourm    .   (no shield)
rNeg     + . .     Faith    .   B - +2 robe {rN+}
rPois    .         Spirit   .   t - +0 helmet
rElec    .         Reflect  .   s - +0 cloak
rCorr    .         Harm     .   (no gloves)
MR       .....                  q - +0 pair of boots
Stlth    +++.......             (no amulet)
HPRegen  0.17/turn              (no ring)
MPRegen  0.16/turn              (no ring)

@: about to teleport
A: distributed training, fangs 1, strong nose
a: Heroism, Renounce Religion


You were on level 5 of the Dungeon.
You worshipped Okawaru.
Okawaru was aware of your devotion.
You were very hungry.

You visited 1 branch of the dungeon, and saw 5 of its levels.

You collected 270 gold pieces.

Inventory:

Hand Weapons
 a - a +0 dagger
 g - a +0 club
 r - a +2 quarterstaff of chaos
 v - a +3 whip of electrocution (weapon)
 w - a +0 blowgun
Missiles
 h - 164 stones (quivered)
 u - 22 sling bullets
 x - 10 poisoned needles
Armour
 q - a +0 pair of boots (worn)
 s - a +0 cloak (worn)
 t - a +0 helmet (worn)
 B - a +2 robe of positive energy (worn)
Jewellery
 y - a +3 ring of evasion
Scrolls
 f - 4 scrolls of remove curse
 k - a scroll of teleportation
 m - a scroll of enchant armour
 n - 2 scrolls of magic mapping
 p - 2 scrolls of identify
Potions
 b - a potion of flight {unknown}
 c - 4 potions of curing {unknown}
 j - 2 potions of mutation {unknown}
 l - a potion of agility {unknown}
 o - 2 potions of heal wounds {unknown}
 z - a potion of ambrosia {unknown}
Comestibles
 d - 8 rations


   Skills:
 + Level 2.3 Fighting
 + Level 2.3 Short Blades
 + Level 2.3 Long Blades
 + Level 2.3 Axes
 + Level 2.3 Maces & Flails
 + Level 2.3 Polearms
 + Level 2.3 Staves
 + Level 2.3 Slings
 + Level 2.3 Bows
 + Level 2.3 Crossbows
 + Level 2.3 Throwing
 + Level 2.3 Armour
 + Level 5.2 Dodging
 + Level 4.8 Stealth
 + Level 2.3 Shields
 + Level 2.3 Unarmed Combat
 + Level 7.5 Spellcasting
 + Level 2.9 Conjurations
 + Level 1.9 Hexes
 + Level 1.9 Charms
 + Level 2.9 Summonings
 + Level 1.9 Necromancy
 + Level 2.9 Translocations
 + Level 1.9 Transmutations
 + Level 1.9 Fire Magic
 + Level 1.9 Ice Magic
 + Level 1.9 Air Magic
 + Level 1.9 Earth Magic
 + Level 1.9 Poison Magic
 + Level 2.6 Invocations
 + Level 2.3 Evocations


You had 7 spell levels left.
You knew the following spells:

 Your Spells              Type           Power        Failure   Level  Hunger
a - Magic Dart            Conj           ###.         2%          1    None
b - Blink                 Tloc           N/A          3%          2    None
c - Call Imp              Summ           ###.....     3%          2    None
d - Conjure Flame         Conj/Fire      ###.....     9%          3    None
e - Mephitic Cloud        Conj/Pois/Air  ###.....     9%          3    None
f - Confuse               Hex            ###.....     11%         3    None

Your spell library contained the following spells:

 Spells                   Type           Power        Failure   Level  Hunger
 Corona                   Hex            ###....      3%          1    None
 Ensorcelled Hibernation  Hex/Ice        ###...       5%          2    None
 Slow                     Hex            ###.....     5%          2    None
 Dazzling Spray           Conj/Hex       ###...       9%          3    None
 Tukima's Dance           Hex            ###.....     11%         3    None


Dungeon Overview and Level Annotations

Branches:
Dungeon (5/15)
 Temple: D:4-7

Altars:
Gozag
Okawaru
Trog
Wu Jian

Portals:
Sewer: D:5

Annotations:
D:5 Sigmund


Innate Abilities, Weirdness & Mutations

Your experience applies equally to all skills.
You have very sharp teeth.
Your uncanny sense of smell can sniff out nearby items.


Message History

Aiming: Magic Dart (safe; 2% risk of failure)
Press: ? - help, Shift-Dir - straight line, f/p - adder
Aim: an adder (heavily wounded)
The magic dart hits the adder.
The adder is heavily wounded.
The adder barely misses you. The giant cockroach bites you.
* * * LOW HITPOINT WARNING * * *
The giant cockroach barely misses you. Something hits you!
* * * LOW HITPOINT WARNING * * *
The adder bites you but does no damage. The giant cockroach barely misses you.
The adder closely misses you.
You see here a giant cockroach corpse.
You remove your +3 ring of evasion.
The giant cockroach closely misses you.
The giant cockroach bites you but does no damage.
The adder closely misses you.
As you read the scroll of teleportation, it crumbles to dust.
You feel strangely unstable.
The giant cockroach bites you but does no damage.
The adder misses you. The giant cockroach misses you. Something hits you!
You die...

.#* *#..# ####.......,,**
***,,* #*
#..###....#####...,****,,,,*
#
#.....%...#≈≈≈#...,.**,,,,,,
#
#.........#≈≈≈#.#,..,,,,,*,,
###
##.........#≈∩≈#.#...,,,*****
..###..........#≈≈≈#.....,***
* >..#...........#≈≈≈#.....,*
* ...............##S##.....,*
**
.....#####......@s{...#,,,**
**, .....#
###.....s)..##,,,,* **,,
....## ###......##*,,,,***,,,
....#* #.....## *,,,,**,,,*
#....** ##....# *,,,,*,,,**
#.....** ##...# *,,,,,,,**
#.....,*** ##### *,,,,,,**
*,,,,,,,,** *,,,,,,*
*,,,,,,,,,*** **,,,,**


You could see an adder and 2 giant cockroaches.

Vanquished Creatures
  A centaur (D:5)
  A scorpion (D:4)
  A howler monkey (D:4)
  2 orc priests (D:4)
  Crazy Yiuf (D:2)
  An iguana (D:4)
  An orc wizard (D:4)
  3 worker ants
  2 hound skeletons (D:4)
  Robin (D:3)
  4 adders
  3 oozes
  An adder skeleton (D:4)
  A worm (D:4)
  2 dart slugs
  3 leopard geckos
  10 orcs
  6 bats
  9 giant cockroaches
  8 goblins
  8 hobgoblins
  5 quokkas
  3 ball pythons (D:4)
  3 frilled lizards
  7 kobolds
  A quokka skeleton (D:4)
  6 rats
94 creatures vanquished.

Notes
Turn   | Place    | Note
-------+----------+-------------------------------------------
     0 | D:1      | rabbit the Gnoll Wizard began the quest for the Orb.
     0 | D:1      | Reached XP level 1. HP: 13/13 MP: 8/8
   278 | D:1      | Reached XP level 2. HP: 19/19 MP: 5/10
   282 | D:1      | Learned a level 2 spell: Blink
   285 | D:1      | Learned a level 2 spell: Call Imp
   547 | D:1      | Reached XP level 3. HP: 10/25 MP: 0/11
   836 | D:1      | Learned a level 3 spell: Conjure Flame
   840 | D:1      | Learned a level 3 spell: Mephitic Cloud
  1335 | D:2      | Reached skill level 1 in Invocations
  1701 | D:2      | Found a runed door.
  1779 | D:2      | Noticed Crazy Yiuf
  1795 | D:2      | Killed Crazy Yiuf
  1795 | D:2      | Reached skill level 1 in Fighting
  1795 | D:2      | Reached skill level 1 in Short Blades
  1795 | D:2      | Reached skill level 1 in Long Blades
  1795 | D:2      | Reached skill level 1 in Axes
  1795 | D:2      | Reached skill level 1 in Maces & Flails
  1795 | D:2      | Reached skill level 1 in Polearms
  1795 | D:2      | Reached skill level 1 in Staves
  1795 | D:2      | Reached skill level 1 in Slings
  1795 | D:2      | Reached skill level 1 in Bows
  1795 | D:2      | Reached skill level 1 in Crossbows
  1795 | D:2      | Reached skill level 1 in Throwing
  1795 | D:2      | Reached skill level 1 in Armour
  1795 | D:2      | Reached skill level 1 in Shields
  1795 | D:2      | Reached skill level 1 in Unarmed Combat
  1795 | D:2      | Reached skill level 1 in Evocations
  1795 | D:2      | Reached XP level 4. HP: 8/32 MP: 3/13
  2541 | D:3      | Noticed Robin
  2552 | D:3      | Reached skill level 1 in Hexes
  2552 | D:3      | Reached skill level 1 in Charms
  2552 | D:3      | Reached skill level 1 in Necromancy
  2552 | D:3      | Reached skill level 1 in Transmutations
  2552 | D:3      | Reached skill level 1 in Fire Magic
  2552 | D:3      | Reached skill level 1 in Ice Magic
  2552 | D:3      | Reached skill level 1 in Air Magic
  2552 | D:3      | Reached skill level 1 in Earth Magic
  2552 | D:3      | Reached skill level 1 in Poison Magic
  2561 | D:3      | Killed Robin
  2590 | D:3      | Reached XP level 5. HP: 17/37 MP: 12/14
  2824 | D:3      | Found an iron altar of Okawaru.
  2824 | D:3      | Found a bloodstained altar of Trog.
  2828 | D:3      | Became a worshipper of Warmaster Okawaru
  3370 | D:3      | Found an ornate altar of the Wu Jian Council.
  3825 | D:4      | Reached XP level 6. HP: 42/44 MP: 16/16
  3839 | D:4      | Learned a level 3 spell: Confuse
  4285 | D:4      | Reached skill level 5 in Dodging
  4414 | D:4      | Found an opulent altar of Gozag.
  4508 | D:4      | Reached XP level 7. HP: 48/50 MP: 18/18
  4998 | D:5      | Entered Level 5 of the Dungeon
  5056 | D:5      | Found a glowing drain.
  5072 | D:5      | Noticed Sigmund
  5079 | D:5      | Reached * piety under Okawaru
  5088 | D:5      | HP: 1/51 [something (7)]
  5091 | D:5      | Mangled by Sigmund

Vault maps used:
D:1:      evilmike_arrival_plus
D:2:      uniq_crazy_yiuf_cottage
D:3:      gammafunk_temple_overflow_elements, lemuel_coloured_pillars_altar,
          first_ration, minmay_misc_feat_doors, st_stairs_1, uniq_robin
D:4:      lemuel_crystal_altar
D:5:      vehumet_crystals, gup_sewer_entry_glass, uniq_sigmund, uniq_menkaure

Skill      XL: |  1  2  3  4  5  6 |
---------------+-------------------+-----
Conjurations   | 2 |  2.9
Summonings     | 2 |  2.9
Translocations | 2 |  2.9
Invocations    | 1 2 |  2.6
Fighting       | 1 2 |  2.3
Short Blades   | 1 2 |  2.3
Long Blades    | 1 2 |  2.3
Axes           | 1 2 |  2.3
Maces & Flails | 1 2 |  2.3
Polearms       | 1 2 |  2.3
Staves         | 1 2 |  2.3
Slings         | 1 2 |  2.3
Bows           | 1 2 |  2.3
Crossbows      | 1 2 |  2.3
Throwing       | 1 2 |  2.3
Armour         | 1 2 |  2.3
Shields        | 1 2 |  2.3
Unarmed Combat | 1 2 |  2.3
Evocations     | 1 2 |  2.3
Hexes          | 1 |  1.9
Charms         | 1 |  1.9
Necromancy     | 1 |  1.9
Transmutations | 1 |  1.9
Fire Magic     | 1 |  1.9
Ice Magic      | 1 |  1.9
Air Magic      | 1 |  1.9
Earth Magic    | 1 |  1.9
Poison Magic   | 1 |  1.9
Dodging        | 5 |  5.2
Stealth        | |  4.8
Spellcasting   | |  7.5

Action                   |  1- 3 |  4- 6 |  7- 9 || total
-------------------------+-------+-------+-------++-------
Melee: Dagger            |    20 |       |       ||    20
       Quarterstaff      |       |    84 |       ||    84
       Bite              |       |    13 |     1 ||    14
       Whip              |       |   119 |    31 ||   150
       Punch             |       |       |     1 ||     1
 Cast: Magic Dart        |    68 |    16 |     2 ||    86
       Mephitic Cloud    |       |     1 |       ||     1
       Blink             |       |     3 |       ||     3
       Confuse           |       |     1 |     2 ||     3
       Conjure Flame     |       |     1 |     1 ||     2
  Use: Scroll            |       |     4 |     3 ||     7
 Stab: Sleeping          |     3 |     6 |       ||     9
  Eat: Chunk             |     1 |     9 |     2 ||    12
Armor: Robe              |     5 |    57 |    17 ||    79
Dodge: Dodged            |    24 |   170 |    72 ||   266

Table legend:
 A = Non-vault XP
 B = Vault XP
 C = Vault XP percentage of total XP
 D = Non-vault monster count
 E = Vault monster count
 F = Vault count percentage of total count
                 A         B        C        D         E       F
            +---------+---------+-------+---------+---------+-------
      Total |     733 |      80 |   9.8 |      81 |      13 |  13.8
            +---------+---------+-------+---------+---------+-------
        D:1 |      40 |       0 |   0.0 |      20 |       0 |   0.0
        D:2 |      23 |      41 |  64.1 |      10 |       1 |   9.1
        D:3 |      80 |      35 |  30.4 |      18 |      10 |  35.7
        D:4 |     465 |       0 |   0.0 |      31 |       0 |   0.0
        D:5 |     125 |       4 |   3.1 |       2 |       2 |  50.0
            +---------+---------+-------+---------+---------+-------
